 Dungeon Crawl Stone Soup version 0.31.0-12-g77e489cdc1 (webtiles) character file.

Game seed: 7652972069655406050

2334 spaghetti the Skirmisher (level 9, -10/61 HPs)
             Began as a Demonspawn Hunter on Feb 18, 2024.
             Was a Believer of Uskayaw.
             Killed from afar by an acid dragon (34 damage)
             ... with a splash of acid
             ... on level 7 of the Dungeon.
             The game lasted 00:08:14 (5412 turns).

spaghetti the Skirmisher (Demonspawn Hunter)        Turns: 5412, Time: 00:08:14

Health: -10/61     AC: -1    Str: 11    XL:     9   Next: 19%
Magic:  25/25      EV: 12    Int: 10    God:    Uskayaw [**....]
Gold:   236        SH:  8    Dex: 21    Spells: 8/8 levels left

rFire   . . .        b - +1 dagger (venom)
rCold   + . .        (no shield)
rNeg    + . .        s - +1 robe {rN+}
rPois   .            j - +0 hat
rElec   .            (no cloak)
rCorr   .            (no gloves)
SInv    .            (no boots)
Will    .....        (no amulet)
Stlth   ++           p - ring of protection from cold
HPRegen 0.30/turn    n - ring of magical power
MPRegen 0.19/turn

%: no passive effects
@: corroded
A: large bone plates 3, demonic guardian 1, spiny 1, weakness stinger 2
a: Renounce Religion, Stomp, Line Pass


You were on level 7 of the Dungeon.
You worshipped Uskayaw.
Uskayaw was aware of your devotion.
You visited 1 branch of the dungeon, and saw 7 of its levels.

You collected 269 gold pieces.
You spent 33 gold pieces at shops.

Inventory:

Hand Weapons
 a - a +1 shortbow
 b - a +1 dagger of venom (weapon)
Missiles
 v - 4 curare-tipped darts
 w - a throwing net
Armour
 c - a +1 leather armour
 j - a +0 hat (worn)
 s - a +1 robe of positive energy (worn)
Jewellery
 n - a ring of magical power (right hand)
 p - a ring of protection from cold (left hand)
 y - a ring of ice
Wands
 d - a wand of iceblast (6)
 m - a wand of mindburst (17)
Scrolls
 e - a scroll of butterflies
 h - a scroll of immolation
 k - 3 scrolls of noise
 l - 3 scrolls of enchant weapon
 q - a scroll of revelation
 r - a scroll of vulnerability
 t - a scroll of fog
 u - a scroll of enchant armour
 x - a scroll of identify
 z - a scroll of teleportation
Potions
 f - 2 potions of curing
 g - a potion of cancellation
 i - a potion of enlightenment
 o - a potion of magic


   Skills:
 - Level 2.0 Fighting
 + Level 9.9 Ranged Weapons
 - Level 1.7 Dodging
 - Level 0.8 Stealth
 + Level 9.4 Invocations


You had 8 spell levels left.
You didn't know any spells.
Your spell library contained the following spells:

 Spells                   Type           Power      Damage    Failure   Level
 Apportation              Tloc           0%         N/A       36%         1
 Sandblast                Erth           0%         2d4       36%         1
 Slow                     Hex            0%         N/A       36%         1
 Jinxbite                 Hex            0%         N/A       50%         2
 Confusing Touch          Hex            0%         N/A       75%         3
 Passwall                 Erth           0%         N/A       75%         3
 Sigil of Binding         Hex            0%         N/A       75%         3
 Stone Arrow              Conj/Erth      0%         3d7       75%         3
 Vampiric Draining        Necr           0%         2d6       75%         3
 Animate Armour           Summ/Erth      0%         N/A       98%         4
 Brom's Barrelling Bould  Conj/Erth      0%         2d3       98%         4
 Alistair's Intoxication  Alch           0%         N/A       100%        5
 Lehudib's Crystal Spear  Conj/Erth      0%         10d2      100%        8


Dungeon Overview and Level Annotations

Branches:
Dungeon (7/15)             Temple (0/1) D:6

Altars:
Ashenzari
Qazlal
Uskayaw

Shops:
D:2 [[!   D:4 [   D:7 *

Annotations:
D:5 2 runed translucent doors, bronco's ghost, novice SpHs


Innate Abilities, Weirdness & Mutations

You are completely covered in large bone plates. (SH +8)
A weak demonic guardian rushes to your aid.
You are partially covered in sharp spines.
You have a tail ending in a sharp stinger.


Message History

You are too injured to fight recklessly!
You are too injured to fight recklessly!
You are too injured to fight recklessly!
You are too injured to fight recklessly!
You are too injured to fight recklessly!
You are too injured to fight recklessly!
You are too injured to fight recklessly!
You are too injured to fight recklessly!
You are too injured to fight recklessly!
Your +1 dagger of venom begins to drip with poison!
b - a +1 dagger of venom (weapon)
Aiming: Iceblast
Press: ? - help, Shift-Dir - straight line, f/p - acid dragon
Aim: an acid dragon (lightly wounded)
The mass of ice explodes!
The iceblast engulfs the acid dragon!
The acid dragon is heavily wounded.
Unknown command.
Unknown command.
Aiming: Mindburst
Press: ? - help, Shift-Dir - straight line, f/p - acid dragon
Aim: an acid dragon (heavily wounded, chance to affect: 64%)
The acid dragon struggles to resist.
Unknown command.
You hit the acid dragon but do no damage.
The acid dragon is heavily wounded.
You block the acid dragon's attack. The acid dragon claws you.
You closely miss the acid dragon.
The acid dragon is heavily wounded.
The acid dragon bites you! The acid dragon barely misses you.
You completely miss the acid dragon.
The acid dragon is heavily wounded.
The acid dragon is struck by your spines.
The acid dragon barely misses you. x2
You can now pass through a line of other dancers.
You hit the acid dragon but do no damage.
The acid dragon is heavily wounded.
The acid dragon spits acid at you. The splash of acid hits you!!
Ouch! That really hurt!
You die...

...###.#.#.###.##
......###.......#####
#.#### #.#....#.....#
#.# #.####....###.#
..#####. ##.#.##
....... ###..8.8##
####.## #.....∩..#
#.#..8.8.##.##
#.##.#.#@D...#
................
#.##.#####...### # #.
#.## # .# # #...


You could see an acid dragon (catching breath).

Vanquished Creatures
  A wraith (D:7)
  Eustachio (D:5)
  Edmund (D:5)
  A water moccasin (D:7)
  Duvessa (D:6)
  2 sky beasts
  2 black bears
  3 ogres
  A phantom (D:5)
  A kobold brigand (D:7)
  3 bullfrogs
  A scorpion (D:4)
  Dowan (D:6)
  A hound (D:6)
  2 jellies (D:6)
  Terence (D:3)
  4 iguanas
  3 sleepcaps
  2 orc wizards
  6 gnolls
  9 adders
  3 shadow imps
  2 ufetubi (D:5)
  2 dart slugs
  6 ribbon worms
  9 orcs
  4 endoplasms
  7 giant cockroaches
  3 goblins
  5 hobgoblins
  A quokka (D:4)
  3 ball pythons
  5 bats
  A frilled lizard (D:1)
  10 kobolds
  6 rats (D:1)
114 creatures vanquished.

Vanquished Creatures (collateral kills)
  A jelly (D:5)
  An orc priest (D:4)
  An orc (D:4)
3 creatures vanquished.

Grand Total: 117 creatures vanquished

Notes
Turn   | Place    | Note
-------+----------+-------------------------------------------
     0 | D:1      | spaghetti the Demonspawn Hunter began the quest for the
                  | Orb.
     0 | D:1      | Reached XP level 1. HP: 16/16 MP: 1/1
   115 | D:1      | Gained mutation: A weak demonic guardian rushes to your
                  | aid. [demonic ancestry]
   115 | D:1      | Reached XP level 2. HP: 22/22 MP: 2/2
   798 | D:1      | Found a stormy altar of Qazlal.
   917 | D:2      | Reached XP level 3. HP: 27/27 MP: 3/3
   992 | D:2      | Reached skill level 5 in Ranged Weapons
  1061 | D:2      | Found Viukkeg's Distillery.
  1070 | D:2      | Bought a potion of curing for 33 gold pieces
  1129 | D:2      | Gained mutation: You are partially covered in large bone
                  | plates. (SH +4) [demonic ancestry]
  1129 | D:2      | Reached XP level 4. HP: 33/33 MP: 4/4
  1139 | D:2      | Found Muxigux's Antique Armour Emporium.
  1197 | D:2      | Found Binask's Antique Armour Boutique.
  1319 | D:3      | Noticed Terence
  1331 | D:3      | Killed Terence
  1558 | D:3      | Found a broken altar of Ashenzari.
  1678 | D:4      | Noticed a scorpion
  1685 | D:4      | Killed a scorpion
  1686 | D:4      | Gained mutation: You are mostly covered in large bone
                  | plates. (SH +6) [demonic ancestry]
  1686 | D:4      | Reached XP level 5. HP: 30/38 MP: 5/5
  2176 | D:4      | Gained mutation: You are completely covered in large bone
                  | plates. (SH +8) [demonic ancestry]
  2176 | D:4      | Reached XP level 6. HP: 39/44 MP: 6/6
  2333 | D:4      | Found Ituapacu's Armour Emporium.
  2412 | D:5      | Entered Level 5 of the Dungeon
  2462 | D:5      | Found a hide-covered altar of Uskayaw.
  2628 | D:5      | Became a worshipper of Uskayaw the Reveller
  2678 | D:5      | Noticed Eustachio
  2680 | D:5      | Reached * piety under Uskayaw
  2683 | D:5      | Reached ** piety under Uskayaw
  2689 | D:5      | Reached *** piety under Uskayaw
  2710 | D:5      | Reached **** piety under Uskayaw
  2718 | D:5      | Killed Eustachio
  2719 | D:5      | Gained mutation: You have a small tail. [demonic ancestry]
  2719 | D:5      | Reached XP level 7. HP: 33/50 MP: 6/9
  3246 | D:5      | Found a runed translucent door.
  3255 | D:5      | Noticed bronco's ghost (novice SpHs)
  3300 | D:5      | Noticed Edmund
  3319 | D:5      | Killed Edmund
  3320 | D:5      | Reached skill level 5 in Invocations
  3503 | D:5      | Found a runed translucent door.
  3754 | D:6      | Noticed Dowan
  3767 | D:5      | Gained mutation: You are partially covered in sharp spines.
                  | [demonic ancestry]
  3767 | D:5      | Reached XP level 8. HP: 19/56 MP: 12/12
  3909 | D:5      | HP: 2/56 [sky beast (5)]
  4370 | D:6      | Noticed Duvessa
  4387 | D:6      | Killed Duvessa
  4393 | D:6      | Reached ***** piety under Uskayaw
  4396 | D:6      | Killed Dowan
  4644 | D:6      | Found a staircase to the Ecumenical Temple.
  4656 | D:6      | Identified the +4 whip of Hell's Wrath {antimagic, Will+
                  | rCorr Int+2}
  4972 | D:7      | Gained mutation: You have a tail ending in a sharp stinger.
                  | [demonic ancestry]
  4972 | D:7      | Reached XP level 9. HP: 23/61 MP: 15/15
  5391 | D:7      | Found Rotumoulu's Assorted Antiques.
  5412 | D:7      | Killed from afar by an acid dragon

Illustrated notes

Levels and vault maps discovered:
D:1:      dpeg_arrival_water_altar, layout_basic
D:2:      layout_rooms, serial_shops, shop, shop, shop
D:3:      layout_rooms, nicolae_ashenzari_skybound, uniq_terence
D:4:      layout_loops_ring, serial_shops, shop, portal_sewer_entry_f
D:5:      minmay_chambers_of_threes, layout_loops_ring, lemuel_round_altar,
          ebering_ghost_sewer_f, uniq_eustachio, uniq_edmund
D:6:      layout_loops_ring, tso_altar, minmay_temple_entry_offerings,
          uniq_duvessa
D:7:      layout_loops_ring, trog_butcher_becter, serial_shops,
          nicolae_shop_tiny_statue_garden, gammafunk_ghost_grave,
          eino_curves_01, minmay_misc_feat_doors

Skill      XL: |  1  2  3  4  5  6  7  8  9 |
---------------+----------------------------+-----
Ranged Weapons | 4 5 6 7 8 9 |  9.9
Invocations    | 2 5 8 9 |  9.4
Fighting       | |  2.0
Dodging        | |  1.7
Stealth        | |  0.8

Action                     |  1- 3 |  4- 6 |  7- 9 || total
---------------------------+-------+-------+-------++-------
  Melee: Dagger            |     5 |    24 |    80 ||   109
         Tailslap          |       |       |    15 ||    15
   Fire: Shortbow          |   100 |   152 |   163 ||   415
  Throw: Dart              |       |       |     1 ||     1
 Invoke: Stomp             |       |       |     2 ||     2
  Evoke: Wand              |       |       |     2 ||     2
    Use: Scroll            |       |    11 |     3 ||    14
         Potion            |       |     5 |     2 ||     7
   Stab: Paralysed         |       |       |     8 ||     8
 Armour: Leather armour    |    17 |    60 |    80 ||   157
         Robe              |       |       |    22 ||    22
  Dodge: Dodged            |    20 |    47 |    68 ||   135
  Block: Other             |       |    25 |    57 ||    82
